 Dungeon Crawl Stone Soup version 0.27-a0-1378-gdefffd1ff6 (webtiles) character file.

Game seed: 8500927759146464459

37775 kazelolz the Severer (level 13, -10/113 (118) HPs)
             Began as a Minotaur Berserker on June 29, 2021.
             Was an Elder of Trog.
             Mangled by a two-headed ogre (22 damage)
             ... while paralysed by an ogre mage
             ... on level 15 of the Dungeon.
             The game lasted 00:26:59 (16319 turns).

kazelolz the Severer (Minotaur Berserker)          Turns: 16319, Time: 00:27:01

HP:   -10/113 (118) AC: 17    Str: 33    XL:     13   Next: 60%
MP:   12/12         EV:  2    Int:  5    God:    Trog [****..]
Gold: 1154          SH:  0    Dex: 11    Spells: 12/12 levels left

rFire    + . .     SeeInvis .   P - +1 war axe (flame)
rCold    + . .     Faith    .   u - +2 kite shield of Anicayl {Str+4}
rNeg     . . .     Spirit   .   D - +4 ring mail "Dyost" {Str+4}
rPois    .         Reflect  +   (helmet restricted)
rElec    .         Harm     .   L - +2 cloak
rCorr    .         Rampage  .   (no gloves)
Will     .....                  z - +1 pair of boots
Stlth    ++........             y - amulet of reflection
HPRegen  0.28/turn              k - ring of protection from cold
MPRegen  0.13/turn              E - ring of protection from fire

@: paralysed, on berserk cooldown, hasted, lightly drained
A: horns 2, retaliatory headbutt
a: Renounce Religion, Berserk, Trog's Hand, Brothers in Arms


You were on level 15 of the Dungeon.
You worshipped Trog.
Trog was greatly pleased with you.
You visited 1 branch of the dungeon, and saw 15 of its levels.
You also visited: Ossuary.

You collected 1154 gold pieces.

Inventory:

Hand Weapons
 A - the +5 dagger "Jellyslayer" {flame, rElec Dex+4}
   (You found it on level 13 of the Dungeon)

   It has been specially enchanted to burn those struck by it, causing extra
   injury to most foes and up to half again as much damage against particularly
   susceptible opponents.
   Dex:       It affects your dexterity (+4).
   rElec:     It insulates you from electricity.
 P - a +1 war axe of flaming (weapon)
Missiles
 j - 8 curare-tipped darts
 K - 2 atropa-tipped darts
Armour
 n - a +1 scale mail of fire resistance
 u - the +2 kite shield of Anicayl (worn) {Str+4}
   (You found it on level 4 of the Dungeon)

   Str:       It affects your strength (+4).
 z - a +1 pair of boots (worn)
 D - the +4 ring mail "Dyost" (worn) {Str+4}
   (You found it on level 6 of the Dungeon)

   Str:       It affects your strength (+4).
 L - a +2 cloak (worn)
 V - +0 ice dragon scales
Jewellery
 b - a ring of resist corrosion
 k - a ring of protection from cold (left hand)
 q - a ring of magical power
 t - a +6 ring of intelligence
 y - an amulet of reflection (around neck)
 E - a ring of protection from fire (right hand)
 N - a ring of magical power
 U - a ring of flight
Wands
 f - a wand of flame (39)
 C - a wand of mindburst (49)
 J - a wand of iceblast (16)
 M - a wand of acid (20)
 Q - a wand of polymorph (18)
Scrolls
 a - 3 scrolls of identify
 d - 2 scrolls of vulnerability
 e - 7 scrolls of teleportation
 g - 2 scrolls of enchant weapon
 i - 3 scrolls of magic mapping
 p - a scroll of summoning {unknown}
 v - 2 scrolls of enchant armour
 G - 3 scrolls of fear
 I - 3 scrolls of blinking
 R - a scroll of holy word {unknown}
Potions
 c - 4 potions of brilliance {unknown}
 h - 3 potions of mutation
 l - 2 potions of heal wounds
 m - 4 potions of curing
 o - 2 potions of cancellation {unknown}
 r - a potion of ambrosia {unknown}
 w - 4 potions of haste
 x - 2 potions of magic {unknown}
 B - 4 potions of attraction
 F - 3 potions of resistance
 H - 2 potions of might
 O - a potion of invisibility {unknown}
 S - 3 potions of lignification
 T - 3 potions of flight
Miscellaneous
 s - a box of beasts


   Skills:
 + Level 12.1 Fighting
 + Level 16.2 Axes
 + Level 9.7 Armour
 + Level 8.9 Dodging
 + Level 3.6 Stealth
 + Level 13.2 Shields
 + Level 1.2 Evocations


You had 12 spell levels left.
You didn't know any spells.
Your spell library was empty.

Dungeon Overview and Level Annotations

Branches:
Dungeon (15/15)            Temple (0/1) D:7            Lair (0/6) D:11
    Orc (0/2) D:9          Vaults (0/5) D:13         Depths (0/5) D:15
Ossuary (visited)

Altars:
Ashenzari
Makhleb
Zin

Shops:
D:8 (


Innate Abilities, Weirdness & Mutations

You have a pair of horns on your head.
You reflexively headbutt those who attack you in melee.


Message History

The two-headed ogre shouts in stereo!
The basilisk hisses angrily.
You hear a horrible gurgling sound!
The death knight misses you.
A boulder beetle comes into view.
A two-headed ogre comes into view. It is wielding two +0 giant clubs.
You block the ogre mage's attack.
The two-headed ogre hits you with a +0 giant club!!
You block the two-headed ogre's attack. Something hits you.
You feel drained.
The two-headed ogre moves out of view.
Items here: )) ††.
Unknown command.
You fail to use your ability.
You block the death knight's attack. You block the ogre mage's attack.
Something hits you!
You feel drained.
* * * LOW HITPOINT WARNING * * *
Unknown command.
Your iron troll goes berserk!
You block the two-headed ogre's attack. The two-headed ogre closely misses you.
A two-headed ogre comes into view.
It is wielding two +0 giant spiked clubs.
The death knight hits you but does no damage.
The ogre mage gestures wildly while chanting.
The ogre mage flickers and vanishes!
Something barely misses you.
Unknown command.
The boulder beetle leaps!
Something completely misses you.
Your iron troll barely misses the two-headed ogre.
Your iron troll claws the two-headed ogre! x2
Your two-headed ogre goes berserk!
Trog will no longer gift you weapons.
You block the two-headed ogre's attack. x2
The death knight closely misses you.
You hear some strange, mumbled words.
You suddenly lose the ability to move!
Your iron troll bites the two-headed ogre!
Your iron troll claws the two-headed ogre.
Your iron troll completely misses the two-headed ogre.
You feel yourself speed up.
Your two-headed ogre rages.
The death knight hits you from afar with a +0 glaive!!
* * * LOW HITPOINT WARNING * * *
The two-headed ogre hits you with a +0 giant club!!
You die...

#.......##.#######..........
##..#....### ##......... #
##....## .......... ##....##
.......... #..8O.#
#.......... #...O{# ##.##p#
####O## ##T{@# #†.#O.#
#$.#.$# #$.#.$# #†.#.$#
#$.#.$# ##...## ##>## ##


You could see a death knight (reflects damage), 3 two-headed ogres, a friendly
iron troll (summoned, berserk) and a friendly two-headed ogre (summoned,
berserk).

Vanquished Creatures
  A deep elf annihilator (D:10)
  3 vault guards (D:13)
  2 ice dragons (D:15)
  3 hydras
  2 boulder beetles
  2 death knights
  4 centaur warriors
  7 two-headed ogres
  Sonja (D:11)
  A skeletal warrior (D:13)
  A wizard (D:10)
  3 phantasmal warriors (D:14)
  5 ugly things
  2 cyclopes
  8 centaur zombies
  An ice statue (D:13)
  Joseph (D:7)
  A gargoyle (D:7)
  Maggie (D:8)
  A kobold demonologist (D:9)
  2 komodo dragons
  3 freezing wraiths
  A tengu conjurer (D:14)
  A wind drake (shapeshifter) (D:15)
  3 trolls
  A meliai (shapeshifter) (D:15)
  5 slime creatures
  Sigmund (D:3)
  5 shadows
  6 humans (D:13)
  8 yaks
  A wraith (D:13)
  A basilisk (D:13)
  A hog (shapeshifter) (D:14)
  A vampire mosquito (D:15)
  2 steam dragons
  2 acid dragons (D:12)
  7 water moccasins
  7 orc warriors
  3 black bears (D:11)
  2 ice beasts
  2 ogres (D:5)
  2 necrophages
  5 centaurs
  A phantom (D:7)
  A kobold brigand (D:9)
  4 bullfrogs
  2 gnoll sergeants
  6 water moccasin zombies (Ossuary)
  2 wyvern skeletons
  A water moccasin skeleton (D:5)
  A howler monkey (D:7)
  6 orc priests
  A hound (D:7)
  Crazy Yiuf (D:2)
  Jessica (D:2)
  2 bullfrog skeletons
  3 iguanas
  10 orc wizards
  2 mummies (Ossuary)
  2 howler monkey zombies (D:9)
  Robin (D:2)
  6 gnolls
  7 adders
  A howler monkey skeleton (D:6)
  2 white imps (D:8)
  An ufetubus (D:4)
  7 adder zombies (Ossuary)
  3 dart slugs
  4 worms
  57 orcs
  5 ball pythons
  4 endoplasms
  A giant cockroach (D:2)
  4 gnoll zombies (Ossuary)
  21 goblins
  9 hobgoblins
  2 jackals (D:5)
  5 kobolds
  2 quokkas
  4 bats (D:1)
  2 frilled lizards (D:3)
  6 hobgoblin zombies (Ossuary)
  2 jackal zombies (D:6)
  4 kobold zombies (Ossuary)
  7 orc zombies (Ossuary)
  4 rats
339 creatures vanquished.

Vanquished Creatures (collateral kills)
  A vault guard (D:13)
  A tengu warrior (D:14)
  A slime creature (D:14)
  2 humans (D:13)
5 creatures vanquished.

Vanquished Creatures (others)
  29 fungi (D:11)
  37 plants
66 creatures vanquished.

Grand Total: 410 creatures vanquished

Notes
Turn   | Place    | Note
-------+----------+-------------------------------------------
     0 | D:1      | kazelolz the Minotaur Berserker began the quest for the
                  | Orb.
     0 | D:1      | Reached XP level 1. HP: 19/19 MP: 0/0
     2 | D:1      | You fall into a shaft and drop 1 floor!
     2 | D:2      | Found a faded altar of an unknown god.
     3 | D:2      | Noticed Robin
    24 | D:2      | Killed Robin
    25 | D:2      | Reached skill level 4 in Axes
    25 | D:2      | Reached XP level 2. HP: 7/27 MP: 1/1
   290 | D:2      | Reached XP level 3. HP: 33/33 MP: 2/2
  1250 | D:2      | Found a glowing silver altar of Zin.
  1251 | D:2      | Noticed Jessica
  1259 | D:2      | Killed Jessica
  1260 | D:2      | Reached skill level 5 in Axes
  1260 | D:2      | Reached XP level 4. HP: 16/41 MP: 3/3
  1530 | D:2      | Found a runed translucent door.
  1531 | D:2      | Noticed Crazy Yiuf
  1538 | D:2      | Killed Crazy Yiuf
  1538 | D:2      | Reached ** piety under Trog
  2280 | D:1      | Found a glowing silver altar of Zin.
  2318 | D:3      | Reached XP level 5. HP: 47/47 MP: 4/4
  2468 | D:3      | Noticed Sigmund
  2476 | D:3      | Killed Sigmund
  2477 | D:3      | Reached skill level 5 in Fighting
  2477 | D:3      | Reached skill level 6 in Axes
  2477 | D:3      | Reached XP level 6. HP: 54/56 MP: 5/5
  2802 | D:3      | Reached skill level 1 in Stealth
  3445 | D:4      | Reached skill level 7 in Axes
  3734 | D:4      | Identified the +2 kite shield of Anicayl {Str+4}
  3807 | D:4      | Reached XP level 7. HP: 58/61 MP: 6/6
  4053 | D:4      | Reached *** piety under Trog
  4265 | D:5      | Entered Level 5 of the Dungeon
  4336 | D:5      | Reached skill level 5 in Armour
  4482 | D:5      | Reached skill level 8 in Axes
  4560 | D:5      | Reached skill level 1 in Shields
  5280 | D:6      | Reached XP level 8. HP: 69/70 MP: 7/7
  5310 | D:6      | Identified the +4 ring mail "Dyost" {Str+4}
  5445 | D:6      | Found a sand-covered staircase.
  5456 | D:6      | Reached skill level 9 in Axes
  5468 | Ossuary  | Entered an ossuary
  5497 | Ossuary  | Reached **** piety under Trog
  5722 | Ossuary  | Reached XP level 9. HP: 78/78 MP: 8/8
  6110 | D:7      | Noticed Joseph
  6133 | D:7      | Killed Joseph
  6134 | D:7      | Reached skill level 10 in Axes
  6205 | D:7      | Noticed a komodo dragon
  6206 | D:7      | Noticed a two-headed ogre
  6407 | D:7      | Killed a komodo dragon
  6415 | D:7      | Killed a two-headed ogre
  6416 | D:7      | Reached skill level 5 in Shields
  6554 | D:7      | Reached skill level 11 in Axes
  6554 | D:7      | Reached skill level 5 in Dodging
  6849 | D:7      | Found a staircase to the Ecumenical Temple.
  6859 | D:7      | Reached XP level 10. HP: 88/88 MP: 9/9
  6881 | D:7      | Noticed a two-headed ogre
  6890 | D:7      | Killed a two-headed ogre
  7238 | D:7      | Noticed a gargoyle
  7250 | D:7      | Killed a gargoyle
  7610 | D:7      | Reached skill level 12 in Axes
  8319 | D:8      | Found Goth's Weapon Shoppe.
  8339 | D:8      | Found a burning altar of Makhleb.
  8457 | D:8      | Noticed Maggie
  8472 | D:8      | Killed Maggie
  9739 | D:9      | Found a staircase to the Orcish Mines.
  9872 | D:9      | Reached XP level 11. HP: 26/95 MP: 10/10
 10286 | D:9      | Reached ***** piety under Trog
 10428 | D:10     | Entered Level 10 of the Dungeon
 10511 | D:10     | Noticed a two-headed ogre
 10524 | D:10     | Killed a two-headed ogre
 10635 | D:10     | Noticed a deep elf annihilator
 10636 | D:10     | Noticed a wizard
 10640 | D:10     | Killed a deep elf annihilator
 10641 | D:10     | Reached skill level 13 in Axes
 10648 | D:10     | Killed a wizard
 11310 | D:11     | Found a staircase to the Lair.
 11336 | D:11     | Noticed a two-headed ogre
 11345 | D:11     | Killed a two-headed ogre
 11353 | D:11     | Noticed Sonja
 11368 | D:11     | Killed Sonja
 11388 | D:11     | Noticed a white ugly thing
 11395 | D:11     | Killed a white ugly thing
 11589 | D:11     | Noticed a two-headed ogre
 11595 | D:11     | Killed a two-headed ogre
 11596 | D:11     | Reached skill level 14 in Axes
 11596 | D:11     | Reached skill level 10 in Shields
 11660 | D:11     | Reached skill level 10 in Fighting
 12147 | D:12     | Noticed a two-headed ogre
 12153 | D:12     | Killed a two-headed ogre
 12154 | D:12     | Noticed a six-headed hydra
 12161 | D:12     | Killed a four-headed hydra
 12162 | D:12     | Reached XP level 12. HP: 89/106 MP: 11/11
 12442 | D:12     | Reached skill level 1 in Evocations
 12447 | D:12     | Noticed a boulder beetle
 12472 | D:12     | Killed a boulder beetle
 12478 | D:12     | Noticed a seven-headed hydra
 12486 | D:12     | Killed a two-headed hydra
 12745 | D:12     | Received a gift from Trog
 13147 | D:13     | Noticed a boulder beetle
 13162 | D:13     | Killed a boulder beetle
 13305 | D:13     | Found a broken altar of Ashenzari.
 13306 | D:13     | Noticed a death knight
 13318 | D:13     | Killed a death knight
 13698 | D:13     | Noticed a centaur warrior
 13705 | D:13     | Killed a centaur warrior
 13809 | D:13     | Noticed a vault guard
 13809 | D:13     | Noticed a vault guard
 13810 | D:13     | Noticed a vault guard
 13810 | D:13     | Noticed a vault guard
 13818 | D:13     | Killed a vault guard
 13819 | D:13     | Reached skill level 15 in Axes
 13833 | D:13     | Killed a vault guard
 13836 | D:13     | Killed a vault guard
 13843 | D:13     | Killed a vault guard
 14113 | D:13     | Found a gate to the Vaults.
 14689 | D:13     | Reached XP level 13. HP: 108/116 MP: 12/12
 14705 | D:13     | Identified the +5 dagger "Jellyslayer" {flame, rElec Dex+4}
 15855 | D:14     | Reached skill level 16 in Axes
 16211 | D:15     | Entered Level 15 of the Dungeon
 16286 | D:15     | Found a staircase to the Depths.
 16318 | D:15     | Paralysed by something for 7 turns
 16319 | D:15     | Mangled by a two-headed ogre

Illustrated notes

Levels and vault maps discovered:
D:1:      dpeg_arrival_water_altar, layout_basic, corner_web_ring,
          minmay_tiny_reverse_x
D:2:      layout_loops_ring, shapermc_ecumenical_altar_starsandcircs,
          basic_altar, mrwooster_statue_mirror, uniq_crazy_yiuf_cottage,
          uniq_jessica, uniq_robin
D:3:      layout_basic, uniq_sigmund
D:4:      kennysheep_the_goblin_king, layout_loops_cross, serial_bayou_lake_a
D:5:      layout_basic
D:6:      layout_rooms, enter_ossuary_3
D:7:      layout_basic, minmay_temple_entry_glassed_door,
          minmay_shattered_shrine, uniq_joseph
D:8:      layout_gridville, lemuel_doored_altar, serial_shops,
          nicolae_shop_trees, moated_statue, uniq_maggie
D:9:      layout_long_grid, hiddenorc1_lemuel
D:10:     cheibrodos_wizards_tower, layout_loops_ring, kennysheep_nondescript
D:11:     layout_loops_ring, due_lair_maze_entry_diamond, uniq_sonja
D:12:     layout_small_grid
D:13:     layout_gridville, ximxim_vaults_locker_room, minivault_15,
          ashenzari_conservatory_becter
D:14:     layout_loops_ring, minmay_stone_trees_small
D:15:     grunt_enter_depths_hoard, layout_cave_pools, serial_shops,
          nicolae_shop_window_shopping, nicolae_shop_waterfront,
          nicolae_shop_behind_doors, shop, shop_fountains, tso_altar,
          st_stairs_11

Skill      XL: |  1  2  3  4  5  6  7  8  9 10 11 12 13 |
---------------+----------------------------------------+-----
Fighting       | 4 5 6 7 8 10 11 12 | 12.1
Axes           | 4 5 6 7 8 9 11 12 14 15 16 | 16.2
Armour         | 3 4 6 7 8 9 |  9.7
Dodging        | 3 4 5 6 7 8 |  8.9
Stealth        | 1 2 3 |  3.6
Shields        | 2 3 6 8 10 12 13 | 13.2
Evocations     | 1 |  1.2

Action                   |  1- 3 |  4- 6 |  7- 9 | 10-12 | 13-15 || total
-------------------------+-------+-------+-------+-------+-------++-------
Melee: Hand axe          |    62 |    83 |   223 |    93 |       ||   461
       Headbutt          |     8 |    12 |    50 |   113 |    34 ||   217
       War axe           |       |       |       |   274 |   120 ||   394
Invok: Berserk           |     3 |     2 |       |     4 |     3 ||    12
       Trog's Hand       |       |     1 |     1 |     4 |     1 ||     7
       Brothers in Arms  |       |       |       |     1 |     3 ||     4
Evoke: Wand              |       |       |       |     7 |       ||     7
  Use: Scroll            |       |       |       |    20 |       ||    20
       Potion            |       |       |       |     2 |     1 ||     3
 Stab: Sleeping          |     1 |       |       |       |       ||     1
Armor: Animal skin       |     5 |       |       |       |       ||     5
       Scale mail        |       |    33 |    32 |       |       ||    65
       Ring mail         |       |       |    42 |    99 |    26 ||   167
Dodge: Dodged            |    24 |    45 |    70 |   111 |    37 ||   287
Block: Kite shield       |       |     2 |   121 |   319 |    99 ||   541
       Reflection        |       |       |       |    15 |     8 ||    23

Table legend: (Time is in decaauts)
 A = Elapsed time spent in this place.
 B = Non-inter-level travel time spent in this place.
 C = Inter-level travel time spent in this place.
 D = Time resting spent in this place.
 E = Time spent auto-exploring this place.
 F = Levels seen in this place.
 G = Mean time per level.
                   A        B        C        D        E       F      G
               +--------+--------+--------+--------+--------+-----+--------+
         Total |  16446 |  15729 |    717 |      0 |  13881 |  16 | 1027.9 |
       Dungeon |  16141 |  15424 |    717 |      0 |  13678 |  15 | 1076.1 |
       Ossuary |    305 |    305 |      0 |      0 |    203 |   1 |  305.0 |
               +--------+--------+--------+--------+--------+-----+--------+

Top non-repeatable levels by time:
    D:13: 1883 daAuts
     D:2: 1721 daAuts
     D:7: 1607 daAuts
     D:8: 1365 daAuts
     D:9: 1181 daAuts
    D:14: 1167 daAuts
     D:3: 1088 daAuts
    D:12: 1016 daAuts
     D:5: 969 daAuts
     D:4: 920 daAuts
    D:10: 881 daAuts
    D:11: 832 daAuts
     D:6: 755 daAuts
     D:1: 644 daAuts
 Ossuary: 305 daAuts
